Workbook

Sheet Sheet1
A1: Document Locator Number | B1: Book | C1: Page | D1: Grantee | E1: Grantor | F1: Transfer Date | G1: Purchase Price | H1: Ratio (Total Assessed / Purchase Price) | I1: Acres | J1: Map | K1: Block | L1: Lot | M1: Sublot | N1: Physical Location | O1: Property Type | P1: Property Type Code | Q1: Land Assessed Value | R1: Building Assessed Value | S1: Sale Unusable | T1: Sale Unusable Reason | U1: Sale unusable code | V1: Assessor Comment
A2: 2818907 | B2: 5880 | C2: 304 | D2: KING, LAURA G | E2: MORROTTA, ERIKA | F2: 45839 | G2: 340000 | H2: =IF(G2>0, ROUND((Q2+R2)/G2, 2), "") -> 0.58 | I2: 0.4 | J2: R03 | L2: 002 | N2: 3 BEAN ROAD | O2: 202: Residential - Urban | P2: =IFERROR(VLOOKUP(O2,'Property Type'!$A$2:$B$49,2,FALSE), "") -> 202 | Q2: 30360 | R2: 166779 | S2: FALSE | U2: =IFERROR(VLOOKUP(T2,'Sale Unusable Reasons'!$A$2:$B$11,2,FALSE),"")
A3: 2915549 | B3: 5880 | C3: 938 | D3: MORGENTHAU GENERATIONAL LIVING TRUST | E3: HOLLIS MICKLON | F3: 45840 | G3: 105000 | H3: =IF(G3>0, ROUND((Q3+R3)/G3, 2), "") -> 0.58 | I3: 2 | J3: R01 | L3: 6 | M3: D | N3: 38 KILBY EDWARDS ROAD | O3: 201: Residential - Rural | P3: =IFERROR(VLOOKUP(O3,'Property Type'!$A$2:$B$49,2,FALSE), "") -> 201 | Q3: 38400 | R3: 22144 | S3: FALSE | U3: =IFERROR(VLOOKUP(T3,'Sale Unusable Reasons'!$A$2:$B$11,2,FALSE),"")
A4: 2900362 | B4: 5881 | C4: 435 | D4: KESHON LLC | E4: WILMINGTON SAVINGS FUND SOCIETY | F4: 45841 | G4: 148100 | H4: =IF(G4>0, ROUND((Q4+R4)/G4, 2), "") -> 0 | I4: 1.9 | J4: R4 | L4: 20-B | N4: 456 GORE ROAD | O4: 220: Residential - Other | P4: =IFERROR(VLOOKUP(O4,'Property Type'!$A$2:$B$49,2,FALSE), "") -> 220 | Q4: 1 | R4: 1 | S4: TRUE | T4: Other | U4: =IFERROR(VLOOKUP(T4,'Sale Unusable Reasons'!$A$2:$B$11,2,FALSE),"") -> OTHER | V4: Administrative Sale
A5: 9252190610068 | B5: 5884 | C5: 527 | D5: VITULLO VELLUTATO LLC | E5: MCCOY LIAM PATRICK | F5: 45847 | G5: 0 | H5: =IF(G5>0, ROUND((Q5+R5)/G5, 2), "") | I5: 0.05 | J5: U11 | K5: 00 | L5: 033 | M5: 00 | N5: NA | O5: 101: Vacant Land - Rural | P5: =IFERROR(VLOOKUP(O5,'Property Type'!$A$2:$B$49,2,FALSE), "") -> 101 | Q5: 1 | R5: 1 | S5: TRUE | T5: Other | U5: =IFERROR(VLOOKUP(T5,'Sale Unusable Reasons'!$A$2:$B$11,2,FALSE),"") -> OTHER | V5: $0 Purchase Price
A6: 2984138 | B6: 5881 | C6: 446 | D6: ANNETT, WILLIAM | E6: LANGELIER, JOHN | F6: 45848 | G6: 40000 | H6: =IF(G6>0, ROUND((Q6+R6)/G6, 2), "") -> 0 | I6: 0.8 | J6: R-06 | L6: 17 | N6: 958 GORE ROAD | O6: 206: Residential - Mobile Home | P6: =IFERROR(VLOOKUP(O6,'Property Type'!$A$2:$B$49,2,FALSE), "") -> 206 | Q6: 1 | R6: 1 | S6: TRUE | T6: Other | U6: =IFERROR(VLOOKUP(T6,'Sale Unusable Reasons'!$A$2:$B$11,2,FALSE),"") -> OTHER | V6: Miscellaneous
A7: 2888855 | B7: 5882 | C7: 774 | D7: CRAIG E. TURNER | E7: ESTATE OF ETHEL B. TURNER | F7: 45853 | G7: 0 | H7: =IF(G7>0, ROUND((Q7+R7)/G7, 2), "") | I7: 0.18 | J7: U-04 | L7: 010 | N7: SAND ISLAND ROAD | O7: 101: Vacant Land - Rural | P7: =IFERROR(VLOOKUP(O7,'Property Type'!$A$2:$B$49,2,FALSE), "") -> 101 | Q7: 1 | R7: 1 | S7: TRUE | T7: Other | U7: =IFERROR(VLOOKUP(T7,'Sale Unusable Reasons'!$A$2:$B$11,2,FALSE),"") -> OTHER | V7: $0 Purchase Price
A8: 3042428 | B8: 5882 | C8: 781 | D8: CRAIG E. TURNER | E8: ESTATE OF ETHEL B. TURNER | F8: 45853 | G8: 0 | H8: =IF(G8>0, ROUND((Q8+R8)/G8, 2), "") | I8: 4 | J8: R-06 | L8: 026 | M8: A | N8: LITTLE POND ROAD | O8: 101: Vacant Land - Rural | P8: =IFERROR(VLOOKUP(O8,'Property Type'!$A$2:$B$49,2,FALSE), "") -> 101 | Q8: 1 | R8: 1 | S8: TRUE | T8: Other | U8: =IFERROR(VLOOKUP(T8,'Sale Unusable Reasons'!$A$2:$B$11,2,FALSE),"") -> OTHER | V8: $0 Purchase Price
A9: 3064956 | B9: 5882 | C9: 772 | D9: CRAIG E. TURNER | E9: ESTATE OF ETHEL B. TURNER | F9: 45853 | G9: 0 | H9: =IF(G9>0, ROUND((Q9+R9)/G9, 2), "") | I9: 65.2 | J9: R-03 | L9: 078 | N9: 120 ELLIOT ROAD | O9: 201: Residential - Rural | P9: =IFERROR(VLOOKUP(O9,'Property Type'!$A$2:$B$49,2,FALSE), "") -> 201 | Q9: 1 | R9: 1 | S9: TRUE | T9: Other | U9: =IFERROR(VLOOKUP(T9,'Sale Unusable Reasons'!$A$2:$B$11,2,FALSE),"") -> OTHER | V9: $0 Purchase Price
A10: 3061322 | B10: 5883 | C10: 425 | D10: C. BREWER | E10: PAIGE KENISON SULLIVAN | F10: 45855 | G10: 425000 | H10: =IF(G10>0, ROUND((Q10+R10)/G10, 2), "") -> 0.5 | I10: 5.03 | J10: R09 | L10: 071-G | N10: 55 SHERWOOD DRIVE | O10: 202: Residential - Urban | P10: =IFERROR(VLOOKUP(O10,'Property Type'!$A$2:$B$49,2,FALSE), "") -> 202 | Q10: 47030 | R10: 164686 | S10: FALSE | U10: =IFERROR(VLOOKUP(T10,'Sale Unusable Reasons'!$A$2:$B$11,2,FALSE),"")
A11: 2993670 | B11: 5884 | C11: 241 | D11: LEE FAMILY 2025 TRUST | E11: ROBERT E. LEE | F11: 45859 | G11: 0 | H11: =IF(G11>0, ROUND((Q11+R11)/G11, 2), "") | I11: 34 | J11: R04 | L11: 031 | N11: 30 SOUTH MCALLISTER ROAD | O11: 201: Residential - Rural | P11: =IFERROR(VLOOKUP(O11,'Property Type'!$A$2:$B$49,2,FALSE), "") -> 201 | Q11: 1 | R11: 1 | S11: TRUE | T11: Other | U11: =IFERROR(VLOOKUP(T11,'Sale Unusable Reasons'!$A$2:$B$11,2,FALSE),"") -> OTHER | V11: $0 Purchase Price
A12: 3006316 | B12: 5883 | C12: 996 | D12: ROBERT E. LEE | E12: KATHLEEN H. SCANLON LEE | F12: 45859 | G12: 0 | H12: =IF(G12>0, ROUND((Q12+R12)/G12, 2), "") | I12: 0.18 | J12: U02 | L12: 039 | N12: PO BOX 662 | O12: 204: Residential - Lake/Pond Front | P12: =IFERROR(VLOOKUP(O12,'Property Type'!$A$2:$B$49,2,FALSE), "") -> 204 | Q12: 1 | R12: 1 | S12: TRUE | T12: Other | U12: =IFERROR(VLOOKUP(T12,'Sale Unusable Reasons'!$A$2:$B$11,2,FALSE),"") -> OTHER | V12: $0 Purchase Price
A13: 2965535 | B13: 5886 | C13: 782 | D13: BARBARA MOSES REVOCABLE TRUST, BARBARA MOSES AS TR | E13: BARBARA MOSES | F13: 45861 | G13: 0 | H13: =IF(G13>0, ROUND((Q13+R13)/G13, 2), "") | I13: 15.5 | J13: R02 | L13: 39 | N13: 355 POWHATAN ROAD | O13: 101: Vacant Land - Rural | P13: =IFERROR(VLOOKUP(O13,'Property Type'!$A$2:$B$49,2,FALSE), "") -> 101 | Q13: 1 | R13: 1 | S13: TRUE | T13: Other | U13: =IFERROR(VLOOKUP(T13,'Sale Unusable Reasons'!$A$2:$B$11,2,FALSE),"") -> OTHER | V13: $0 Purchase Price
A14: 2971089 | B14: 5886 | C14: 799 | D14: VICTORIA A. MORLEY, TRUSTEE OF THE | E14: VICTORIA MORLEY | F14: 45866 | G14: 0 | H14: =IF(G14>0, ROUND((Q14+R14)/G14, 2), "") | I14: 0.4 | J14: U18 | L14: 020 | N14: 20 CROOKED RIVER ROAD | O14: 105: Vacant Land - Stream/Riverfront | P14: =IFERROR(VLOOKUP(O14,'Property Type'!$A$2:$B$49,2,FALSE), "") -> 105 | Q14: 1 | R14: 1 | S14: TRUE | T14: Other | U14: =IFERROR(VLOOKUP(T14,'Sale Unusable Reasons'!$A$2:$B$11,2,FALSE),"") -> OTHER | V14: $0 Purchase Price
A15: 3000369 | B15: 5886 | C15: 801 | D15: VICTORIA A. MORLEY, TRUSTEE OF THE | E15: VICTORIA COTTAM N/K/A VICTORIA MORLEY | F15: 45866 | G15: 0 | H15: =IF(G15>0, ROUND((Q15+R15)/G15, 2), "") | I15: 0.17 | J15: U18 | L15: 007 | N15: 82 CROOKED RIVER ROAD | O15: 101: Vacant Land - Rural | P15: =IFERROR(VLOOKUP(O15,'Property Type'!$A$2:$B$49,2,FALSE), "") -> 101 | Q15: 1 | R15: 1 | S15: TRUE | T15: Other | U15: =IFERROR(VLOOKUP(T15,'Sale Unusable Reasons'!$A$2:$B$11,2,FALSE),"") -> OTHER | V15: $0 Purchase Price
A16: 2983421 | B16: 5885 | C16: 157 | D16: SHELDON T. KATZ REVOCABLE TRUST | E16: KATZ, SHELDON T. | F16: 45867 | G16: 0 | H16: =IF(G16>0, ROUND((Q16+R16)/G16, 2), "") | I16: 2.1 | J16: U06 | L16: 48 | N16: 98 JILLSON CAMP ROAD | O16: 204: Residential - Lake/Pond Front | P16: =IFERROR(VLOOKUP(O16,'Property Type'!$A$2:$B$49,2,FALSE), "") -> 204 | Q16: 1 | R16: 1 | S16: TRUE | T16: Other | U16: =IFERROR(VLOOKUP(T16,'Sale Unusable Reasons'!$A$2:$B$11,2,FALSE),"") -> OTHER | V16: $0 Purchase Price
A17: 2998127 | B17: 5885 | C17: 155 | D17: KATZ, SHELDON T. | E17: AUDREY W. KATZ REVOCABLE TRUST | F17: 45867 | G17: 0 | H17: =IF(G17>0, ROUND((Q17+R17)/G17, 2), "") | I17: 2.1 | J17: U06 | L17: 4B | N17: 98 JILLSON CAMP ROAD | O17: 204: Residential - Lake/Pond Front | P17: =IFERROR(VLOOKUP(O17,'Property Type'!$A$2:$B$49,2,FALSE), "") -> 204 | Q17: 1 | R17: 1 | S17: TRUE | T17: Other | U17: =IFERROR(VLOOKUP(T17,'Sale Unusable Reasons'!$A$2:$B$11,2,FALSE),"") -> OTHER | V17: $0 Purchase Price
A18: 3000551 | B18: 5886 | C18: 312 | D18: NETISHEN LAND HOLDINGS, LLC | E18: ALLEN PITTSLEY | F18: 45869 | G18: 1000 | H18: =IF(G18>0, ROUND((Q18+R18)/G18, 2), "") -> 0 | I18: 19 | J18: R04 | L18: 05-TG | N18: MAP R04 LOT 035-TG | O18: 101: Vacant Land - Rural | P18: =IFERROR(VLOOKUP(O18,'Property Type'!$A$2:$B$49,2,FALSE), "") -> 101 | Q18: 1 | R18: 1 | S18: TRUE | T18: Other | U18: =IFERROR(VLOOKUP(T18,'Sale Unusable Reasons'!$A$2:$B$11,2,FALSE),"") -> OTHER | V18: N/A
A19: 3143592 | B19: 5891 | C19: 68 | D19: SEAN AND MARGARET WATSON REV LIVING TRUST 8-5-25 | E19: MARGARET A. WATSON | F19: 45874 | G19: 0 | H19: =IF(G19>0, ROUND((Q19+R19)/G19, 2), "") | I19: 0 | J19: U17 | L19: 005 | N19: 77 HENIGER PARK ROAD | O19: 201: Residential - Rural | P19: =IFERROR(VLOOKUP(O19,'Property Type'!$A$2:$B$49,2,FALSE), "") -> 201 | Q19: 1 | R19: 1 | S19: TRUE | T19: Other | U19: =IFERROR(VLOOKUP(T19,'Sale Unusable Reasons'!$A$2:$B$11,2,FALSE),"") -> OTHER | V19: $0 Purchase Price
A20: 9261560690072 | B20: 5939 | C20: 626 | D20: WOOD KYLE | E20: WOOD PRISCILLA A | F20: 45876 | G20: 1 | H20: =IF(G20>0, ROUND((Q20+R20)/G20, 2), "") -> 2 | I20: 0 | J20: R02 | L20: 004 | M20: B | N20: 326 SCRIBNER HLLL RD | O20: 201: Residential - Rural | P20: =IFERROR(VLOOKUP(O20,'Property Type'!$A$2:$B$49,2,FALSE), "") -> 201 | Q20: 1 | R20: 1 | S20: TRUE | T20: Family Transaction | U20: =IFERROR(VLOOKUP(T20,'Sale Unusable Reasons'!$A$2:$B$11,2,FALSE),"") -> FAMILY | V20: Interfamily Sale
A21: 3079395 | B21: 5887 | C21: 704 | D21: DALE R. VERRILL | E21: SCOTT PELLETIER | F21: 45877 | G21: 110000 | H21: =IF(G21>0, ROUND((Q21+R21)/G21, 2), "") -> 0.22 | I21: 20 | J21: R-04 | L21: 30 | N21: CORNER N/S MCALLISTER ROAD | O21: 101: Vacant Land - Rural | P21: =IFERROR(VLOOKUP(O21,'Property Type'!$A$2:$B$49,2,FALSE), "") -> 101 | Q21: 24640 | R21: 0 | S21: FALSE | U21: =IFERROR(VLOOKUP(T21,'Sale Unusable Reasons'!$A$2:$B$11,2,FALSE),"")
A22: 2971799 | B22: 5888 | C22: 252 | D22: CASTAGNETTA, KATHLEEN H. | E22: COTE, AUDAI C. | F22: 45881 | G22: 700000 | H22: =IF(G22>0, ROUND((Q22+R22)/G22, 2), "") -> 0.43 | I22: 13.66 | J22: R03 | L22: 062 | N22: 127 BEAN ROAD | O22: 201: Residential - Rural | P22: =IFERROR(VLOOKUP(O22,'Property Type'!$A$2:$B$49,2,FALSE), "") -> 201 | Q22: 47079 | R22: 254239 | S22: FALSE | U22: =IFERROR(VLOOKUP(T22,'Sale Unusable Reasons'!$A$2:$B$11,2,FALSE),"")
A23: 3126894 | B23: 5888 | C23: 773 | D23: BRINE, BARRY S | E23: POTTLE, JOHN HIRAM | F23: 45882 | G23: 137500 | H23: =IF(G23>0, ROUND((Q23+R23)/G23, 2), "") -> 0 | I23: 61 | J23: R11 | L23: 31-TG | N23: MAP R11 L31 MAINS RD | O23: 101: Vacant Land - Rural | P23: =IFERROR(VLOOKUP(O23,'Property Type'!$A$2:$B$49,2,FALSE), "") -> 101 | Q23: 1 | R23: 1 | S23: TRUE | T23: Other | U23: =IFERROR(VLOOKUP(T23,'Sale Unusable Reasons'!$A$2:$B$11,2,FALSE),"") -> OTHER | V23: Land in Tree Growth
A24: 2990591 | B24: 5888 | C24: 709 | D24: JOHN R. GUSTAITIS, JR. | E24: WILLIAM G. TROY, JR. | F24: 45883 | G24: 60000 | H24: =IF(G24>0, ROUND((Q24+R24)/G24, 2), "") -> 0.38 | I24: 4.94 | J24: R04 | L24: 19E | N24: 19-E1 NORTH MCALLISTER ROAD | O24: 101: Vacant Land - Rural | P24: =IFERROR(VLOOKUP(O24,'Property Type'!$A$2:$B$49,2,FALSE), "") -> 101 | Q24: 22940 | R24: 0 | S24: FALSE | U24: =IFERROR(VLOOKUP(T24,'Sale Unusable Reasons'!$A$2:$B$11,2,FALSE),"")
A25: 3043773 | B25: 5889 | C25: 335 | D25: WENDY J. RENELL | E25: STEVEN JORDAN | F25: 45887 | G25: 290000 | H25: =IF(G25>0, ROUND((Q25+R25)/G25, 2), "") -> 0.39 | I25: 2.32 | J25: R02 | L25: 49-5 | N25: 23 CASEY LANE | O25: 201: Residential - Rural | P25: =IFERROR(VLOOKUP(O25,'Property Type'!$A$2:$B$49,2,FALSE), "") -> 201 | Q25: 44320 | R25: 68089 | S25: FALSE | U25: =IFERROR(VLOOKUP(T25,'Sale Unusable Reasons'!$A$2:$B$11,2,FALSE),"")
A26: 3128490 | B26: 5889 | C26: 417 | D26: CATHERINE L. HEAL | E26: JEFFREY H. EMMERT | F26: 45887 | G26: 590000 | H26: =IF(G26>0, ROUND((Q26+R26)/G26, 2), "") -> 0.52 | I26: 4.9 | J26: R02 | L26: 19A | N26: 14 IVORY HILL ROAD | O26: 201: Residential - Rural | P26: =IFERROR(VLOOKUP(O26,'Property Type'!$A$2:$B$49,2,FALSE), "") -> 201 | Q26: 58280 | R26: 248777 | S26: FALSE | U26: =IFERROR(VLOOKUP(T26,'Sale Unusable Reasons'!$A$2:$B$11,2,FALSE),"")
A27: 8252520170003 | B27: 5890 | C27: 6 | D27: SASSER W EARL | E27: SASSER CONSTANCE J | F27: 45887 | G27: 0 | H27: =IF(G27>0, ROUND((Q27+R27)/G27, 2), "") | I27: 0 | J27: U12 | K27: 0 | L27: 1C | M27: 1B | N27: OTISFIELD | O27: 204: Residential - Lake/Pond Front | P27: =IFERROR(VLOOKUP(O27,'Property Type'!$A$2:$B$49,2,FALSE), "") -> 204 | Q27: 1 | R27: 1 | S27: TRUE | T27: Other | U27: =IFERROR(VLOOKUP(T27,'Sale Unusable Reasons'!$A$2:$B$11,2,FALSE),"") -> OTHER | V27: $0 Purchase Price
A28: 3083355 | B28: 5893 | C28: 284 | D28: JAZMYNN BROWN | E28: DAVID MCKAY | F28: 45898 | G28: 350000 | H28: =IF(G28>0, ROUND((Q28+R28)/G28, 2), "") -> 0.29 | I28: 6 | J28: R06 | L28: 006 | N28: 25 E ANDREWS HILL RD | O28: 201: Residential - Rural | P28: =IFERROR(VLOOKUP(O28,'Property Type'!$A$2:$B$49,2,FALSE), "") -> 201 | Q28: 40000 | R28: 62743 | S28: FALSE | U28: =IFERROR(VLOOKUP(T28,'Sale Unusable Reasons'!$A$2:$B$11,2,FALSE),"")
A29: 3103152 | B29: 5892 | C29: 397 | D29: NEAL, JAMES C. | E29: MCKAY, MARK E.W. | F29: 45902 | G29: 290000 | H29: =IF(G29>0, ROUND((Q29+R29)/G29, 2), "") -> 0.43 | I29: 180 | J29: R5 | L29: 22 | N29: GORE RD | O29: 101: Vacant Land - Rural | P29: =IFERROR(VLOOKUP(O29,'Property Type'!$A$2:$B$49,2,FALSE), "") -> 101 | Q29: 124250 | R29: 0 | S29: FALSE | U29: =IFERROR(VLOOKUP(T29,'Sale Unusable Reasons'!$A$2:$B$11,2,FALSE),"")
A30: 3122465 | B30: 5894 | C30: 643 | D30: DAVID M. ZANNI | E30: MILTON MASON, LLC | F30: 45905 | G30: 0 | H30: =IF(G30>0, ROUND((Q30+R30)/G30, 2), "") | I30: 0 | J30: R7 | L30: 18F | M30: 2 | N30: 26 EVERGREEN DR | O30: 201: Residential - Rural | P30: =IFERROR(VLOOKUP(O30,'Property Type'!$A$2:$B$49,2,FALSE), "") -> 201 | Q30: 1 | R30: 1 | S30: TRUE | T30: Other | U30: =IFERROR(VLOOKUP(T30,'Sale Unusable Reasons'!$A$2:$B$11,2,FALSE),"") -> OTHER | V30: $0 Purchase Price
A31: 3166130 | B31: 5893 | C31: 665 | D31: ROY H. DAVIS AS TRUSTEE OF THE DAVIS LIVING TRUST | E31: ROY H. DAVIS | F31: 45908 | G31: 0 | H31: =IF(G31>0, ROUND((Q31+R31)/G31, 2), "") | I31: 1 | J31: U07 | L31: 23 | N31: 70 OHUIVO ROAD | O31: 204: Residential - Lake/Pond Front | P31: =IFERROR(VLOOKUP(O31,'Property Type'!$A$2:$B$49,2,FALSE), "") -> 204 | Q31: 1 | R31: 1 | S31: TRUE | T31: Other | U31: =IFERROR(VLOOKUP(T31,'Sale Unusable Reasons'!$A$2:$B$11,2,FALSE),"") -> OTHER | V31: $0 Purchase Price
A32: 3196010 | B32: 5894 | C32: 771 | D32: MENEZES, LEAH LIBBY | E32: LIBBY, TIMOTHY S. | F32: 45910 | G32: 0 | H32: =IF(G32>0, ROUND((Q32+R32)/G32, 2), "") | I32: 25 | J32: R07 | L32: 17 | M32: A | N32: AHONEN ROAD BACK LOT | O32: 101: Vacant Land - Rural | P32: =IFERROR(VLOOKUP(O32,'Property Type'!$A$2:$B$49,2,FALSE), "") -> 101 | Q32: 1 | R32: 1 | S32: TRUE | T32: Other | U32: =IFERROR(VLOOKUP(T32,'Sale Unusable Reasons'!$A$2:$B$11,2,FALSE),"") -> OTHER | V32: $0 Purchase Price
A33: 3210101 | B33: 5894 | C33: 738 | D33: DALE SABINE | E33: JOHN L. BOOKER | F33: 45911 | G33: 35000 | H33: =IF(G33>0, ROUND((Q33+R33)/G33, 2), "") -> 0 | I33: 5.14 | J33: R04 | L33: 020-G | N33: 92 HIDDEN LAKE DRIVE | O33: 201: Residential - Rural | P33: =IFERROR(VLOOKUP(O33,'Property Type'!$A$2:$B$49,2,FALSE), "") -> 201 | Q33: 1 | R33: 1 | S33: TRUE | T33: Other | U33: =IFERROR(VLOOKUP(T33,'Sale Unusable Reasons'!$A$2:$B$11,2,FALSE),"") -> OTHER | V33: Time
A34: 3260100 | B34: 5894 | C34: 808 | D34: JUSTIN BROWN | E34: CHAD ALLEN TOOTHAKER | F34: 45912 | G34: 15000 | H34: =IF(G34>0, ROUND((Q34+R34)/G34, 2), "") -> 0.23 | I34: 28 | J34: R08 | L34: 048 | N34: MAP R08 LOT 48 | O34: 101: Vacant Land - Rural | P34: =IFERROR(VLOOKUP(O34,'Property Type'!$A$2:$B$49,2,FALSE), "") -> 101 | Q34: 3500 | R34: 0 | S34: FALSE | U34: =IFERROR(VLOOKUP(T34,'Sale Unusable Reasons'!$A$2:$B$11,2,FALSE),"")
A35: 3235982 | B35: 5895 | C35: 265 | D35: DE VITO, JORDAN | E35: LIBBY, THEREASA | F35: 45915 | G35: 377000 | H35: =IF(G35>0, ROUND((Q35+R35)/G35, 2), "") -> 0.59 | I35: 4.19 | J35: U12 | L35: 008A | N35: 493 POWHATAN ROAD | O35: 201: Residential - Rural | P35: =IFERROR(VLOOKUP(O35,'Property Type'!$A$2:$B$49,2,FALSE), "") -> 201 | Q35: 65128 | R35: 157709 | S35: FALSE | U35: =IFERROR(VLOOKUP(T35,'Sale Unusable Reasons'!$A$2:$B$11,2,FALSE),"")
A36: 3146796 | B36: 5895 | C36: 146 | D36: CARLA O'SULLIVAN | E36: JANE LESLIE ALLEN | F36: 45916 | G36: 75000 | H36: =IF(G36>0, ROUND((Q36+R36)/G36, 2), "") -> 0 | I36: 2 | J36: R02 | L36: 23-A | N36: 422 SCRIBNER HILL ROAD | O36: 201: Residential - Rural | P36: =IFERROR(VLOOKUP(O36,'Property Type'!$A$2:$B$49,2,FALSE), "") -> 201 | Q36: 1 | R36: 1 | S36: TRUE | T36: Other | U36: =IFERROR(VLOOKUP(T36,'Sale Unusable Reasons'!$A$2:$B$11,2,FALSE),"") -> OTHER | V36: Miscellaneous
A37: 3169249 | B37: 5896 | C37: 108 | D37: CZACHOR, JESSICA LYN | E37: CAMARA, AMY | F37: 45918 | G37: 530000 | H37: =IF(G37>0, ROUND((Q37+R37)/G37, 2), "") -> 0 | I37: 0.34 | J37: U02 | L37: 010 AND 011 | N37: 60 CANADA HILL SHORE | O37: 201: Residential - Rural | P37: =IFERROR(VLOOKUP(O37,'Property Type'!$A$2:$B$49,2,FALSE), "") -> 201 | Q37: 1 | R37: 1 | S37: TRUE | T37: Other | U37: =IFERROR(VLOOKUP(T37,'Sale Unusable Reasons'!$A$2:$B$11,2,FALSE),"") -> OTHER | V37: Multiple Lots
A38: 3171512 | B38: 5895 | C38: 899 | D38: 33 WHITTUM LANE LLC | E38: LYNN M. O'BRIEN REVOCABLE TRUST | F38: 45918 | G38: 994000 | H38: =IF(G38>0, ROUND((Q38+R38)/G38, 2), "") -> 0.33 | I38: 0.74 | J38: U06 | L38: 007 | N38: 33 WHITTUM LANE | O38: 201: Residential - Rural | P38: =IFERROR(VLOOKUP(O38,'Property Type'!$A$2:$B$49,2,FALSE), "") -> 201 | Q38: 214456 | R38: 114297 | S38: FALSE | U38: =IFERROR(VLOOKUP(T38,'Sale Unusable Reasons'!$A$2:$B$11,2,FALSE),"")
A39: 3186701 | B39: 5895 | C39: 658 | D39: RONALDA L. LOWELL | E39: EDWARD ARCHER | F39: 45918 | G39: 375000 | H39: =IF(G39>0, ROUND((Q39+R39)/G39, 2), "") -> 0.54 | I39: 0.9 | J39: 3 | L39: 79 | N39: 173 STATE ROUTE 121 | O39: 201: Residential - Rural | P39: =IFERROR(VLOOKUP(O39,'Property Type'!$A$2:$B$49,2,FALSE), "") -> 201 | Q39: 40080 | R39: 163285 | S39: FALSE | U39: =IFERROR(VLOOKUP(T39,'Sale Unusable Reasons'!$A$2:$B$11,2,FALSE),"")
A40: 3195500 | B40: 5896 | C40: 77 | D40: 16 WHITTUM LANE, LLC | E40: LYNN M. O'BRIEN | F40: 45918 | G40: 406000 | H40: =IF(G40>0, ROUND((Q40+R40)/G40, 2), "") -> 0.52 | I40: 2.5 | J40: U06 | L40: 006 | N40: 16 WHITTUM LANE | O40: 101: Vacant Land - Rural | P40: =IFERROR(VLOOKUP(O40,'Property Type'!$A$2:$B$49,2,FALSE), "") -> 101 | Q40: 207740 | R40: 2400 | S40: FALSE | U40: =IFERROR(VLOOKUP(T40,'Sale Unusable Reasons'!$A$2:$B$11,2,FALSE),"")
A41: 3200620 | B41: 5896 | C41: 75 | D41: GROUNDHOG PROPERTIES LLC | E41: LADD , ALIVIA A | F41: 45919 | G41: 80000 | H41: =IF(G41>0, ROUND((Q41+R41)/G41, 2), "") -> 0.31 | I41: 1 | J41: R 7 | L41: 50 | M41: B | N41: 741 BOLSTERS MILLS ROAD | O41: 120: Vacant Land - Other | P41: =IFERROR(VLOOKUP(O41,'Property Type'!$A$2:$B$49,2,FALSE), "") -> 120 | Q41: 24640 | R41: 0 | S41: FALSE | U41: =IFERROR(VLOOKUP(T41,'Sale Unusable Reasons'!$A$2:$B$11,2,FALSE),"")
A42: 8252790270098 | B42: 5897 | C42: 206 | D42: COOK JANET S | E42: COOK JANET S | F42: 45923 | G42: 0 | H42: =IF(G42>0, ROUND((Q42+R42)/G42, 2), "") | I42: 1 | J42: U09 | K42: 0 | L42: 078 | N42: 32 SILVAQUA RD | O42: 101: Vacant Land - Rural | P42: =IFERROR(VLOOKUP(O42,'Property Type'!$A$2:$B$49,2,FALSE), "") -> 101 | Q42: 1 | R42: 1 | S42: TRUE | T42: Other | U42: =IFERROR(VLOOKUP(T42,'Sale Unusable Reasons'!$A$2:$B$11,2,FALSE),"") -> OTHER | V42: $0 Purchase Price
A43: 9253210970059 | B43: 5902 | C43: 834 | D43: GUY ROBERT E | E43: GUY ROBERT E | F43: 45930 | G43: 0 | H43: =IF(G43>0, ROUND((Q43+R43)/G43, 2), "") | I43: 0 | J43: 6 | K43: 0 | L43: 43 | N43: 220 WEST ANDREWS HILL | O43: 101: Vacant Land - Rural | P43: =IFERROR(VLOOKUP(O43,'Property Type'!$A$2:$B$49,2,FALSE), "") -> 101 | Q43: 1 | R43: 1 | S43: TRUE | T43: Other | U43: =IFERROR(VLOOKUP(T43,'Sale Unusable Reasons'!$A$2:$B$11,2,FALSE),"") -> OTHER | V43: $0 Purchase Price
A44: 8252790270100 | B44: 5898 | C44: 132 | D44: VALLEE MURPHY KELLIANNE | E44: VALLEE JOSEPH J | F44: 45931 | G44: 0 | H44: =IF(G44>0, ROUND((Q44+R44)/G44, 2), "") | I44: 5 | J44: R02 | K44: 0 | L44: 022 | M44: D | N44: OTISFIELD | O44: 101: Vacant Land - Rural | P44: =IFERROR(VLOOKUP(O44,'Property Type'!$A$2:$B$49,2,FALSE), "") -> 101 | Q44: 1 | R44: 1 | S44: TRUE | T44: Other | U44: =IFERROR(VLOOKUP(T44,'Sale Unusable Reasons'!$A$2:$B$11,2,FALSE),"") -> OTHER | V44: $0 Purchase Price
A45: 9253210970063 | B45: 5899 | C45: 983 | D45: LENNOX 2025 FAMILY TRUST | E45: LENNOX JOHN SCOTT | F45: 45936 | G45: 0 | H45: =IF(G45>0, ROUND((Q45+R45)/G45, 2), "") | I45: 1 | J45: U20 | K45: 0 | L45: 008 | N45: 43 WEST SHORE DR | O45: 201: Residential - Rural | P45: =IFERROR(VLOOKUP(O45,'Property Type'!$A$2:$B$49,2,FALSE), "") -> 201 | Q45: 1 | R45: 1 | S45: TRUE | T45: Other | U45: =IFERROR(VLOOKUP(T45,'Sale Unusable Reasons'!$A$2:$B$11,2,FALSE),"") -> OTHER | V45: $0 Purchase Price
A46: 9253210970061 | B46: 5900 | C46: 909 | D46: WERNER ADAM | E46: WERNER WENDY A | F46: 45940 | G46: 0 | H46: =IF(G46>0, ROUND((Q46+R46)/G46, 2), "") | I46: 0 | J46: U04 | K46: 0 | L46: 017 | N46: 25 SAND ISLAND LANE OT | O46: 101: Vacant Land - Rural | P46: =IFERROR(VLOOKUP(O46,'Property Type'!$A$2:$B$49,2,FALSE), "") -> 101 | Q46: 1 | R46: 1 | S46: TRUE | T46: Other | U46: =IFERROR(VLOOKUP(T46,'Sale Unusable Reasons'!$A$2:$B$11,2,FALSE),"") -> OTHER | V46: $0 Purchase Price
A47: 3223621 | B47: 5901 | C47: 658 | D47: DONALD E. WALKWITZ AS TRUSTEE OF | E47: DONALD E. WALKWITZ | F47: 45945 | G47: 0 | H47: =IF(G47>0, ROUND((Q47+R47)/G47, 2), "") | I47: 2.6 | J47: R01 | L47: 014 | M47: R | N47: 96 ROCKY ROAD | O47: 101: Vacant Land - Rural | P47: =IFERROR(VLOOKUP(O47,'Property Type'!$A$2:$B$49,2,FALSE), "") -> 101 | Q47: 1 | R47: 1 | S47: TRUE | T47: Other | U47: =IFERROR(VLOOKUP(T47,'Sale Unusable Reasons'!$A$2:$B$11,2,FALSE),"") -> OTHER | V47: $0 Purchase Price
A48: 3382498 | B48: 5901 | C48: 500 | D48: DONALD E. WALKWITZ AS TRUSTEE OF | E48: DONALD E. WALKWITZ | F48: 45945 | G48: 0 | H48: =IF(G48>0, ROUND((Q48+R48)/G48, 2), "") | I48: 1.3 | J48: U09A | L48: 023 | N48: 105 SHORE ROAD | O48: 201: Residential - Rural | P48: =IFERROR(VLOOKUP(O48,'Property Type'!$A$2:$B$49,2,FALSE), "") -> 201 | Q48: 1 | R48: 1 | S48: TRUE | T48: Other | U48: =IFERROR(VLOOKUP(T48,'Sale Unusable Reasons'!$A$2:$B$11,2,FALSE),"") -> OTHER | V48: $0 Purchase Price
A49: 3408010 | B49: 5914 | C49: 25 | D49: JOHN S. ARN LIVING TRUST | E49: ARN, JOHN SCOTT | F49: 45947 | G49: 0 | H49: =IF(G49>0, ROUND((Q49+R49)/G49, 2), "") | I49: 8.3 | J49: R01 | L49: 14 | M49: E | N49: 207 SHORE ROAD | O49: 201: Residential - Rural | P49: =IFERROR(VLOOKUP(O49,'Property Type'!$A$2:$B$49,2,FALSE), "") -> 201 | Q49: 1 | R49: 1 | S49: TRUE | T49: Other | U49: =IFERROR(VLOOKUP(T49,'Sale Unusable Reasons'!$A$2:$B$11,2,FALSE),"") -> OTHER | V49: $0 Purchase Price
A50: 9253440970066 | B50: 5905 | C50: 967 | D50: DAVID M CENTAURO REV TR | E50: CENTAURO DAVID M | F50: 45954 | G50: 0 | H50: =IF(G50>0, ROUND((Q50+R50)/G50, 2), "") | I50: 0.36 | J50: U11 | K50: 0 | L50: 83 | M50: 0 | N50: 136 WAYAKA LANE | O50: 204: Residential - Lake/Pond Front | P50: =IFERROR(VLOOKUP(O50,'Property Type'!$A$2:$B$49,2,FALSE), "") -> 204 | Q50: 1 | R50: 1 | S50: TRUE | T50: Other | U50: =IFERROR(VLOOKUP(T50,'Sale Unusable Reasons'!$A$2:$B$11,2,FALSE),"") -> OTHER | V50: $0 Purchase Price
A51: 9253440970068 | B51: 5905 | C51: 969 | D51: DAVID M CENTAURO REV TR | E51: DANMAC REALTY TRUST | F51: 45954 | G51: 0 | H51: =IF(G51>0, ROUND((Q51+R51)/G51, 2), "") | I51: 0.04 | J51: U11 | K51: 0 | L51: 86 | N51: 0 WAYAKA LN | O51: 101: Vacant Land - Rural | P51: =IFERROR(VLOOKUP(O51,'Property Type'!$A$2:$B$49,2,FALSE), "") -> 101 | Q51: 1 | R51: 1 | S51: TRUE | T51: Other | U51: =IFERROR(VLOOKUP(T51,'Sale Unusable Reasons'!$A$2:$B$11,2,FALSE),"") -> OTHER | V51: $0 Purchase Price
A52: 9253210970057 | B52: 5904 | C52: 398 | D52: MERRILL JONI MAE LIVING TRUST | E52: MERRILL JONI M | F52: 45958 | G52: 0 | H52: =IF(G52>0, ROUND((Q52+R52)/G52, 2), "") | I52: 0 | J52: R08 | K52: 0 | L52: 28 | N52: 114 BELL HILL RD | O52: 201: Residential - Rural | P52: =IFERROR(VLOOKUP(O52,'Property Type'!$A$2:$B$49,2,FALSE), "") -> 201 | Q52: 1 | R52: 1 | S52: TRUE | T52: Other | U52: =IFERROR(VLOOKUP(T52,'Sale Unusable Reasons'!$A$2:$B$11,2,FALSE),"") -> OTHER | V52: $0 Purchase Price
A53: 3449668 | B53: 5910 | C53: 788 | D53: WROBLESKY FAMILY 2025 TRUST | E53: JOHN A. WROBLESKY | F53: 45971 | G53: 0 | H53: =IF(G53>0, ROUND((Q53+R53)/G53, 2), "") | I53: 0.58 | J53: U09 | L53: 10 | N53: 101 LOOP ROAD | O53: 204: Residential - Lake/Pond Front | P53: =IFERROR(VLOOKUP(O53,'Property Type'!$A$2:$B$49,2,FALSE), "") -> 204 | Q53: 1 | R53: 1 | S53: TRUE | T53: Other | U53: =IFERROR(VLOOKUP(T53,'Sale Unusable Reasons'!$A$2:$B$11,2,FALSE),"") -> OTHER | V53: $0 Purchase Price
A54: 9253440970064 | B54: 5907 | C54: 10 | D54: DAVID PEACOCK LIVING TRUST | E54: DAVID PEACOCK LIVING TRUST | F54: 45971 | G54: 0 | H54: =IF(G54>0, ROUND((Q54+R54)/G54, 2), "") | I54: 0 | J54: R05 | L54: 033 | M54: A | N54: 103 PINE DRIVE OTISFIE | O54: 101: Vacant Land - Rural | P54: =IFERROR(VLOOKUP(O54,'Property Type'!$A$2:$B$49,2,FALSE), "") -> 101 | Q54: 1 | R54: 1 | S54: TRUE | T54: Other | U54: =IFERROR(VLOOKUP(T54,'Sale Unusable Reasons'!$A$2:$B$11,2,FALSE),"") -> OTHER | V54: $0 Purchase Price
A55: 3422855 | B55: 5907 | C55: 152 | D55: MILLER SCOTT | E55: MAHONEY-GRAVES JULIA | F55: 45974 | G55: 975000 | H55: =IF(G55>0, ROUND((Q55+R55)/G55, 2), "") -> 0.35 | I55: 2.5 | J55: U06 | L55: 4 | N55: 90 JILLSON CAMP ROAD | O55: 202: Residential - Urban | P55: =IFERROR(VLOOKUP(O55,'Property Type'!$A$2:$B$49,2,FALSE), "") -> 202 | Q55: 220400 | R55: 124190 | S55: FALSE | U55: =IFERROR(VLOOKUP(T55,'Sale Unusable Reasons'!$A$2:$B$11,2,FALSE),"")
A56: 7260130720067 | B56: 5910 | C56: 612 | D56: HOOKER J L | E56: ESTATE OF CALVIN H HOOKER | F56: 45978 | G56: 360000 | H56: =IF(G56>0, ROUND((Q56+R56)/G56, 2), "") -> 0.38 | I56: 0.37 | J56: U07 | K56: 0 | L56: 15 | M56: 0 | N56: 22 BEEHIVE LN OTISFIEL | O56: 204: Residential - Lake/Pond Front | P56: =IFERROR(VLOOKUP(O56,'Property Type'!$A$2:$B$49,2,FALSE), "") -> 204 | Q56: 126000 | R56: 10651 | S56: FALSE | U56: =IFERROR(VLOOKUP(T56,'Sale Unusable Reasons'!$A$2:$B$11,2,FALSE),"")
A57: 3349955 | B57: 5910 | C57: 279 | D57: ADAM GRANT | E57: ESTATE OF LEONARD J. ADLER | F57: 45986 | G57: 150000 | H57: =IF(G57>0, ROUND((Q57+R57)/G57, 2), "") -> 0.4 | I57: 2 | J57: R09 | L57: 44 | N57: 123 BOLSTERS MILLS ROAD | O57: 201: Residential - Rural | P57: =IFERROR(VLOOKUP(O57,'Property Type'!$A$2:$B$49,2,FALSE), "") -> 201 | Q57: 20000 | R57: 39620 | S57: FALSE | U57: =IFERROR(VLOOKUP(T57,'Sale Unusable Reasons'!$A$2:$B$11,2,FALSE),"")
A58: 3373561 | B58: 5909 | C58: 794 | D58: DAVID A. GAGNE, TRUSTEE OF THE DAVID A. GAGNE AND | E58: NETISHEN LAND HOLDINGS LLC | F58: 45986 | G58: 102000 | H58: =IF(G58>0, ROUND((Q58+R58)/G58, 2), "") -> 0 | I58: 10 | J58: R04 | L58: 035 | M58: TG | N58: MAP R04 LOT 035-TG | O58: 101: Vacant Land - Rural | P58: =IFERROR(VLOOKUP(O58,'Property Type'!$A$2:$B$49,2,FALSE), "") -> 101 | Q58: 1 | R58: 1 | S58: TRUE | T58: Other | U58: =IFERROR(VLOOKUP(T58,'Sale Unusable Reasons'!$A$2:$B$11,2,FALSE),"") -> OTHER | V58: Land in Tree Growth
A59: 3451420 | B59: 5912 | C59: 443 | D59: TRYNOR, KEITH | E59: VANDEKIEFT, JOSEPH W. | F59: 46002 | G59: 20000 | H59: =IF(G59>0, ROUND((Q59+R59)/G59, 2), "") -> 0 | I59: 2.51 | J59: R-07 | L59: 17 | M59: A-001 | N59: 57 MORIN AVENUE | O59: 101: Vacant Land - Rural | P59: =IFERROR(VLOOKUP(O59,'Property Type'!$A$2:$B$49,2,FALSE), "") -> 101 | Q59: 1 | R59: 1 | S59: TRUE | T59: Other | U59: =IFERROR(VLOOKUP(T59,'Sale Unusable Reasons'!$A$2:$B$11,2,FALSE),"") -> OTHER | V59: Miscellaneous
A60: 3368106 | B60: 5914 | C60: 352 | D60: HARLEY SEWALL | E60: TODD GUSTAITIS | F60: 46003 | G60: 189000 | H60: =IF(G60>0, ROUND((Q60+R60)/G60, 2), "") -> 0.39 | I60: 1 | J60: R08 | L60: 038 | M60: A | N60: 613 STATE ROUTE 121 | O60: 201: Residential - Rural | P60: =IFERROR(VLOOKUP(O60,'Property Type'!$A$2:$B$49,2,FALSE), "") -> 201 | Q60: 33600 | R60: 40373 | S60: FALSE | U60: =IFERROR(VLOOKUP(T60,'Sale Unusable Reasons'!$A$2:$B$11,2,FALSE),"")
A61: 3426414 | B61: 5912 | C61: 756 | D61: JOANNE NYE | E61: PAUL ELLIS | F61: 46003 | G61: 190000 | H61: =IF(G61>0, ROUND((Q61+R61)/G61, 2), "") -> 0.51 | I61: 0.4 | J61: R09 | L61: 53 | N61: 79 OAK HILL ROAD | O61: 201: Residential - Rural | P61: =IFERROR(VLOOKUP(O61,'Property Type'!$A$2:$B$49,2,FALSE), "") -> 201 | Q61: 30360 | R61: 66318 | S61: FALSE | U61: =IFERROR(VLOOKUP(T61,'Sale Unusable Reasons'!$A$2:$B$11,2,FALSE),"")
A62: 3517526 | B62: 5912 | C62: 669 | D62: ANDREW AGUILO | E62: ANDREW DANIELLE E. F/K/A DANIELLE E. COTE | F62: 46003 | G62: 0 | H62: =IF(G62>0, ROUND((Q62+R62)/G62, 2), "") | I62: 6.5 | J62: U20 | L62: 027 | N62: 60 POND VIEW DR | O62: 201: Residential - Rural | P62: =IFERROR(VLOOKUP(O62,'Property Type'!$A$2:$B$49,2,FALSE), "") -> 201 | Q62: 1 | R62: 1 | S62: TRUE | T62: Other | U62: =IFERROR(VLOOKUP(T62,'Sale Unusable Reasons'!$A$2:$B$11,2,FALSE),"") -> OTHER | V62: $0 Purchase Price
A63: 3497865 | B63: 5913 | C63: 567 | D63: LINDSAY, ALANI L. | E63: THURSTON, KENNETH | F63: 46007 | G63: 250000 | H63: =IF(G63>0, ROUND((Q63+R63)/G63, 2), "") -> 0.25 | I63: 0.5 | J63: R04 | L63: 40 | N63: 393 BEAN RD | O63: 201: Residential - Rural | P63: =IFERROR(VLOOKUP(O63,'Property Type'!$A$2:$B$49,2,FALSE), "") -> 201 | Q63: 20010 | R63: 41347 | S63: FALSE | U63: =IFERROR(VLOOKUP(T63,'Sale Unusable Reasons'!$A$2:$B$11,2,FALSE),"")
A64: 3385133 | B64: 5914 | C64: 830 | D64: VIRGINIA B. NOBLE 2025 TRUST | E64: VIRGINIA B. NOBLE | F64: 46008 | G64: 0 | H64: =IF(G64>0, ROUND((Q64+R64)/G64, 2), "") | I64: 44 | J64: R03 | L64: 69 | M64: TG | N64: 279 STATE ROUTE 121 | O64: 201: Residential - Rural | P64: =IFERROR(VLOOKUP(O64,'Property Type'!$A$2:$B$49,2,FALSE), "") -> 201 | Q64: 1 | R64: 1 | S64: TRUE | T64: Other | U64: =IFERROR(VLOOKUP(T64,'Sale Unusable Reasons'!$A$2:$B$11,2,FALSE),"") -> OTHER | V64: $0 Purchase Price
A65: 3392205 | B65: 5913 | C65: 904 | D65: FOSTER, REBECCA | E65: GREENLEAF, RICHARD H. | F65: 46008 | G65: 535000 | H65: =IF(G65>0, ROUND((Q65+R65)/G65, 2), "") -> 0.32 | I65: 0.13 | J65: U01 | L65: 16 | N65: 17 PARTRIDGE LN | O65: 202: Residential - Urban | P65: =IFERROR(VLOOKUP(O65,'Property Type'!$A$2:$B$49,2,FALSE), "") -> 202 | Q65: 63660 | R65: 107559 | S65: FALSE | U65: =IFERROR(VLOOKUP(T65,'Sale Unusable Reasons'!$A$2:$B$11,2,FALSE),"")
A66: 8260430290148 | B66: 5919 | C66: 310 | D66: LITALIEN ABIGAIL M | E66: TULLY JOSHUA P | F66: 46010 | G66: 0 | H66: =IF(G66>0, ROUND((Q66+R66)/G66, 2), "") | I66: 0.8 | J66: R01 | K66: 0 | L66: 002 | M66: F | N66: 572 POWHATAN RD | O66: 201: Residential - Rural | P66: =IFERROR(VLOOKUP(O66,'Property Type'!$A$2:$B$49,2,FALSE), "") -> 201 | Q66: 1 | R66: 1 | S66: TRUE | T66: Other | U66: =IFERROR(VLOOKUP(T66,'Sale Unusable Reasons'!$A$2:$B$11,2,FALSE),"") -> OTHER | V66: $0 Purchase Price
A67: 3503506 | B67: 5919 | C67: 359 | D67: GARLAND, SHAWN F | E67: SARCIONE, JAMES | F67: 46036 | G67: 400000 | H67: =IF(G67>0, ROUND((Q67+R67)/G67, 2), "") -> 0.58 | I67: 2.71 | J67: U04 | L67: 022 | N67: 70 SAND ISLAND LANE | O67: 220: Residential - Other | P67: =IFERROR(VLOOKUP(O67,'Property Type'!$A$2:$B$49,2,FALSE), "") -> 220 | Q67: 66710 | R67: 164400 | S67: FALSE | U67: =IFERROR(VLOOKUP(T67,'Sale Unusable Reasons'!$A$2:$B$11,2,FALSE),"")
A68: 3478292 | B68: 5920 | C68: 767 | D68: FERRY, NICHOLAS | E68: MCCABE, CHARLES | F68: 46045 | G68: 220000 | H68: =IF(G68>0, ROUND((Q68+R68)/G68, 2), "") -> 0.17 | I68: 30 | J68: R05 | L68: 9-A | N68: 529 GORE RD | O68: 101: Vacant Land - Rural | P68: =IFERROR(VLOOKUP(O68,'Property Type'!$A$2:$B$49,2,FALSE), "") -> 101 | Q68: 36300 | R68: 0 | S68: FALSE | U68: =IFERROR(VLOOKUP(T68,'Sale Unusable Reasons'!$A$2:$B$11,2,FALSE),"")
A69: 3564641 | B69: 5922 | C69: 356 | D69: REBECCA CHAGRASULIS | E69: MARK L. SOEHREN | F69: 46052 | G69: 1 | H69: =IF(G69>0, ROUND((Q69+R69)/G69, 2), "") -> 2 | I69: 1.92 | J69: R-04 | L69: 012 | N69: HIDDEN LAKE ROAD | O69: 101: Vacant Land - Rural | P69: =IFERROR(VLOOKUP(O69,'Property Type'!$A$2:$B$49,2,FALSE), "") -> 101 | Q69: 1 | R69: 1 | S69: TRUE | T69: Family Transaction | U69: =IFERROR(VLOOKUP(T69,'Sale Unusable Reasons'!$A$2:$B$11,2,FALSE),"") -> FAMILY | V69: Interfamily Sale
A70: 3578173 | B70: 5922 | C70: 387 | D70: CALNAN, TIMOTHY | E70: MAHN, JR., ROBERT CHARLES | F70: 46052 | G70: 290000 | H70: =IF(G70>0, ROUND((Q70+R70)/G70, 2), "") -> 0.64 | I70: 1.5 | J70: U09 | L70: 63 | N70: 26 LOOP ROAD | O70: 201: Residential - Rural | P70: =IFERROR(VLOOKUP(O70,'Property Type'!$A$2:$B$49,2,FALSE), "") -> 201 | Q70: 63500 | R70: 121308 | S70: FALSE | U70: =IFERROR(VLOOKUP(T70,'Sale Unusable Reasons'!$A$2:$B$11,2,FALSE),"")
A71: 3577746 | B71: 5923 | C71: 501 | D71: ALAN B. DOUGLASS 2026 TRUST | E71: ALAN B. DOUGLASS | F71: 46057 | G71: 0 | H71: =IF(G71>0, ROUND((Q71+R71)/G71, 2), "") | I71: 3 | J71: U21 | L71: 14 | M71: S | N71: 26 JORDAN LANE | O71: 201: Residential - Rural | P71: =IFERROR(VLOOKUP(O71,'Property Type'!$A$2:$B$49,2,FALSE), "") -> 201 | Q71: 1 | R71: 1 | S71: TRUE | T71: Other | U71: =IFERROR(VLOOKUP(T71,'Sale Unusable Reasons'!$A$2:$B$11,2,FALSE),"") -> OTHER | V71: $0 Purchase Price
A72: 3583569 | B72: 5924 | C72: 130 | D72: ELLEN SOLMS 2012 IRREVOCABLE TRUST FOR | E72: ELLEN SOLMS REVOCABLE TRUST DATED NOV 30, 2010 | F72: 46062 | G72: 0 | H72: =IF(G72>0, ROUND((Q72+R72)/G72, 2), "") | I72: 4.61 | J72: U-14 | L72: 004 | N72: 301 POWHATAN ROAD | O72: 201: Residential - Rural | P72: =IFERROR(VLOOKUP(O72,'Property Type'!$A$2:$B$49,2,FALSE), "") -> 201 | Q72: 1 | R72: 1 | S72: TRUE | T72: Other | U72: =IFERROR(VLOOKUP(T72,'Sale Unusable Reasons'!$A$2:$B$11,2,FALSE),"") -> OTHER | V72: $0 Purchase Price
A73: 3576380 | B73: 5923 | C73: 766 | D73: BRIDGES, JAMES | E73: B. KENNEY BUILDER/CONTRACTOR LLC | F73: 46065 | G73: 462000 | H73: =IF(G73>0, ROUND((Q73+R73)/G73, 2), "") -> 0.25 | I73: 2 | J73: U20 | L73: 35 | N73: 16 POND VIEW DR | O73: 202: Residential - Urban | P73: =IFERROR(VLOOKUP(O73,'Property Type'!$A$2:$B$49,2,FALSE), "") -> 202 | Q73: 41200 | R73: 76548 | S73: FALSE | U73: =IFERROR(VLOOKUP(T73,'Sale Unusable Reasons'!$A$2:$B$11,2,FALSE),"")
A74: 3652189 | B74: 5924 | C74: 795 | D74: RICHARD E. BEAN, JR. | E74: ESTATE OF DONNA L. BEAN | F74: 46065 | G74: 0 | H74: =IF(G74>0, ROUND((Q74+R74)/G74, 2), "") | I74: 30 | J74: R-03 | L74: 053 | N74: 308 BEAN ROAD | O74: 101: Vacant Land - Rural | P74: =IFERROR(VLOOKUP(O74,'Property Type'!$A$2:$B$49,2,FALSE), "") -> 101 | Q74: 1 | R74: 1 | S74: TRUE | T74: Other | U74: =IFERROR(VLOOKUP(T74,'Sale Unusable Reasons'!$A$2:$B$11,2,FALSE),"") -> OTHER | V74: $0 Purchase Price
A75: 3751312 | B75: 5930 | C75: 927 | D75: DONALD C. POTTER LIVING TRUST DTD 02-17-2026 | E75: DONALD C. POTTER | F75: 46069 | G75: 0 | H75: =IF(G75>0, ROUND((Q75+R75)/G75, 2), "") | I75: 23 | J75: R08 | L75: 12 | M75: B | N75: 215 BELL HILL ROAD | O75: 201: Residential - Rural | P75: =IFERROR(VLOOKUP(O75,'Property Type'!$A$2:$B$49,2,FALSE), "") -> 201 | Q75: 1 | R75: 1 | S75: TRUE | T75: Other | U75: =IFERROR(VLOOKUP(T75,'Sale Unusable Reasons'!$A$2:$B$11,2,FALSE),"") -> OTHER | V75: $0 Purchase Price
A76: 3576119 | B76: 5925 | C76: 878 | D76: OTISFIELD LAKE HOUSE, LLC | E76: SHARON E. JOHNSON | F76: 46077 | G76: 0 | H76: =IF(G76>0, ROUND((Q76+R76)/G76, 2), "") | I76: 2.13 | J76: U04 | L76: 21 | N76: 65 SAND ISLAND LANE | O76: 101: Vacant Land - Rural | P76: =IFERROR(VLOOKUP(O76,'Property Type'!$A$2:$B$49,2,FALSE), "") -> 101 | Q76: 1 | R76: 1 | S76: TRUE | T76: Other | U76: =IFERROR(VLOOKUP(T76,'Sale Unusable Reasons'!$A$2:$B$11,2,FALSE),"") -> OTHER | V76: $0 Purchase Price
A77: 3610363 | B77: 5925 | C77: 876 | D77: OTISFIELD LAKE HOUSE, LLC | E77: SHARON E. JOHNSON | F77: 46077 | G77: 0 | H77: =IF(G77>0, ROUND((Q77+R77)/G77, 2), "") | I77: 1.92 | J77: U04 | L77: 23 | N77: 55 SAND ISLAND LANE | O77: 201: Residential - Rural | P77: =IFERROR(VLOOKUP(O77,'Property Type'!$A$2:$B$49,2,FALSE), "") -> 201 | Q77: 1 | R77: 1 | S77: TRUE | T77: Other | U77: =IFERROR(VLOOKUP(T77,'Sale Unusable Reasons'!$A$2:$B$11,2,FALSE),"") -> OTHER | V77: $0 Purchase Price
A78: 7260970190034 | B78: 5928 | C78: 322 | D78: SATTERLUNCH FAKILY REVOCABLE T | E78: DANIEL SATTERLUND | F78: 46077 | G78: 0 | H78: =IF(G78>0, ROUND((Q78+R78)/G78, 2), "") | I78: 20 | J78: R02 | K78: 0 | L78: 024 | M78: E | N78: 528 SCHRIBNER HILL ROA | O78: 101: Vacant Land - Rural | P78: =IFERROR(VLOOKUP(O78,'Property Type'!$A$2:$B$49,2,FALSE), "") -> 101 | Q78: 1 | R78: 1 | S78: TRUE | T78: Other | U78: =IFERROR(VLOOKUP(T78,'Sale Unusable Reasons'!$A$2:$B$11,2,FALSE),"") -> OTHER | V78: $0 Purchase Price
A79: 3605441 | B79: 5925 | C79: 470 | D79: RYLAND S. VAN DECKER | E79: CHRISTINE R. TOFANI, TRUSTEE | F79: 46078 | G79: 120000 | H79: =IF(G79>0, ROUND((Q79+R79)/G79, 2), "") -> 0.67 | I79: 38 | J79: R8 | L79: 5 | N79: PEACO HILL ROAD | O79: 101: Vacant Land - Rural | P79: =IFERROR(VLOOKUP(O79,'Property Type'!$A$2:$B$49,2,FALSE), "") -> 101 | Q79: 79800 | R79: 0 | S79: FALSE | U79: =IFERROR(VLOOKUP(T79,'Sale Unusable Reasons'!$A$2:$B$11,2,FALSE),"")
A80: 3617729 | B80: 5925 | C80: 467 | D80: KIMBALL, III, ROBERT B. | E80: ESTATE OF ANTHONY J. MATHIEU | F80: 46078 | G80: 65000 | H80: =IF(G80>0, ROUND((Q80+R80)/G80, 2), "") -> 0 | I80: 2.25 | J80: R-1 | L80: 12 | M80: A | N80: 264 FORREST EDWARDS ROAD | O80: 206: Residential - Mobile Home | P80: =IFERROR(VLOOKUP(O80,'Property Type'!$A$2:$B$49,2,FALSE), "") -> 206 | Q80: 1 | R80: 1 | S80: TRUE | T80: Other | U80: =IFERROR(VLOOKUP(T80,'Sale Unusable Reasons'!$A$2:$B$11,2,FALSE),"") -> OTHER | V80: Administrative Sale
A81: 3540087 | B81: 5926 | C81: 224 | D81: PHILLIP M. EASTMAN | E81: ESTATE OF LEONARD J. ALDER | F81: 46080 | G81: 40000 | H81: =IF(G81>0, ROUND((Q81+R81)/G81, 2), "") -> 0 | I81: 35 | J81: R09 | L81: 46 | N81: 0 BOLSTERS MILLS ROAD | O81: 101: Vacant Land - Rural | P81: =IFERROR(VLOOKUP(O81,'Property Type'!$A$2:$B$49,2,FALSE), "") -> 101 | Q81: 1 | R81: 1 | S81: TRUE | T81: Abutter | U81: =IFERROR(VLOOKUP(T81,'Sale Unusable Reasons'!$A$2:$B$11,2,FALSE),"") -> ABUTTER | V81: Priced with lot R09-045
A82: 3612353 | B82: 5926 | C82: 222 | D82: PHILLIP M. EASTMAN | E82: ESTATE OF LEONARD J. ADLER | F82: 46080 | G82: 230000 | H82: =IF(G82>0, ROUND((Q82+R82)/G82, 2), "") -> 0 | I82: 6 | J82: R09 | L82: 045 | N82: 122 BOLSTERS MILL ROAD | O82: 201: Residential - Rural | P82: =IFERROR(VLOOKUP(O82,'Property Type'!$A$2:$B$49,2,FALSE), "") -> 201 | Q82: 1 | R82: 1 | S82: TRUE | T82: Other | U82: =IFERROR(VLOOKUP(T82,'Sale Unusable Reasons'!$A$2:$B$11,2,FALSE),"") -> OTHER | V82: Miscellaneous
A83: 7260970190036 | B83: 5929 | C83: 240 | D83: STURDIVANT BARRY | E83: STURDIVANT BARRY | F83: 46099 | G83: 0 | H83: =IF(G83>0, ROUND((Q83+R83)/G83, 2), "") | I83: 96 | J83: R13 | K83: 0 | L83: 012 | M83: TG | N83: NORTH TAMWORTH RD RIVE | O83: 101: Vacant Land - Rural | P83: =IFERROR(VLOOKUP(O83,'Property Type'!$A$2:$B$49,2,FALSE), "") -> 101 | Q83: 1 | R83: 1 | S83: TRUE | T83: Other | U83: =IFERROR(VLOOKUP(T83,'Sale Unusable Reasons'!$A$2:$B$11,2,FALSE),"") -> OTHER | V83: $0 Purchase Price
A84: 7260970190038 | B84: 5929 | C84: 239 | D84: STURDIVANT BARRY | E84: STURDIVANT BARRY | F84: 46099 | G84: 0 | H84: =IF(G84>0, ROUND((Q84+R84)/G84, 2), "") | I84: 44 | J84: R07 | K84: 043 | L84: A | M84: TG | N84: JESSE MILL RD | O84: 101: Vacant Land - Rural | P84: =IFERROR(VLOOKUP(O84,'Property Type'!$A$2:$B$49,2,FALSE), "") -> 101 | Q84: 1 | R84: 1 | S84: TRUE | T84: Other | U84: =IFERROR(VLOOKUP(T84,'Sale Unusable Reasons'!$A$2:$B$11,2,FALSE),"") -> OTHER | V84: $0 Purchase Price
A85: 7260970190040 | B85: 5929 | C85: 236 | D85: STURDIVANT BARRY | E85: STRUDIVANT BARRY | F85: 46099 | G85: 0 | H85: =IF(G85>0, ROUND((Q85+R85)/G85, 2), "") | I85: 145 | J85: R13 | K85: 0 | L85: 016 | M85: TG | N85: NORTH TAMWORTH RD OTIS | O85: 101: Vacant Land - Rural | P85: =IFERROR(VLOOKUP(O85,'Property Type'!$A$2:$B$49,2,FALSE), "") -> 101 | Q85: 1 | R85: 1 | S85: TRUE | T85: Other | U85: =IFERROR(VLOOKUP(T85,'Sale Unusable Reasons'!$A$2:$B$11,2,FALSE),"") -> OTHER | V85: $0 Purchase Price
A86: 3742059 | B86: 5929 | C86: 511 | D86: RUSSELL L HATHEWAY | E86: THOMAS P RICHARDSON | F86: 46100 | G86: 267000 | H86: =IF(G86>0, ROUND((Q86+R86)/G86, 2), "") -> 0.27 | I86: 4.43 | J86: R06 | L86: 039 - A | N86: 27 AHONEN ROAD | O86: 206: Residential - Mobile Home | P86: =IFERROR(VLOOKUP(O86,'Property Type'!$A$2:$B$49,2,FALSE), "") -> 206 | Q86: 32430 | R86: 40399 | S86: FALSE | U86: =IFERROR(VLOOKUP(T86,'Sale Unusable Reasons'!$A$2:$B$11,2,FALSE),"")
A87: 3722121 | B87: 5930 | C87: 217 | D87: DARRYL JOHNSON | E87: OTISFIELD LAKE HOUSE, LLC | F87: 46101 | G87: 0 | H87: =IF(G87>0, ROUND((Q87+R87)/G87, 2), "") | I87: 2.13 | J87: U04 | L87: 21 | N87: 65 SAND ISLAND LANE | O87: 101: Vacant Land - Rural | P87: =IFERROR(VLOOKUP(O87,'Property Type'!$A$2:$B$49,2,FALSE), "") -> 101 | Q87: 1 | R87: 1 | S87: TRUE | T87: Other | U87: =IFERROR(VLOOKUP(T87,'Sale Unusable Reasons'!$A$2:$B$11,2,FALSE),"") -> OTHER | V87: $0 Purchase Price
A88: 3578226 | B88: 5927 | C88: 445 | D88: NATHAN CORTES | E88: KESHON LLC | F88: 46108 | G88: 385000 | H88: =IF(G88>0, ROUND((Q88+R88)/G88, 2), "") -> 0.4 | I88: 1.9 | J88: R04 | L88: 020-B | N88: 456 GORE RD | O88: 201: Residential - Rural | P88: =IFERROR(VLOOKUP(O88,'Property Type'!$A$2:$B$49,2,FALSE), "") -> 201 | Q88: 43720 | R88: 109256 | S88: FALSE | U88: =IFERROR(VLOOKUP(T88,'Sale Unusable Reasons'!$A$2:$B$11,2,FALSE),"")
A89: 3677707 | B89: 5932 | C89: 706 | D89: CORKEC TRUST | E89: KERRY E CONNORS | F89: 46113 | G89: 0 | H89: =IF(G89>0, ROUND((Q89+R89)/G89, 2), "") | I89: 0.5 | J89: U11 | L89: 038 | N89: 17 WACIPI PINES ROAD | O89: 220: Residential - Other | P89: =IFERROR(VLOOKUP(O89,'Property Type'!$A$2:$B$49,2,FALSE), "") -> 220 | Q89: 1 | R89: 1 | S89: TRUE | T89: Other | U89: =IFERROR(VLOOKUP(T89,'Sale Unusable Reasons'!$A$2:$B$11,2,FALSE),"") -> OTHER | V89: $0 Purchase Price
A90: 8261250600047 | B90: 5935 | C90: 958 | D90: FOWLER RYAN M | E90: FOWLER RYAN A | F90: 46118 | G90: 0 | H90: =IF(G90>0, ROUND((Q90+R90)/G90, 2), "") | I90: 2 | J90: R04 | K90: 0 | L90: 037 | M90: A | N90: 512 BEAM ROAD | O90: 207: Residential - 2-4 Unit Apartment | P90: =IFERROR(VLOOKUP(O90,'Property Type'!$A$2:$B$49,2,FALSE), "") -> 207 | Q90: 1 | R90: 1 | S90: TRUE | T90: Other | U90: =IFERROR(VLOOKUP(T90,'Sale Unusable Reasons'!$A$2:$B$11,2,FALSE),"") -> OTHER | V90: $0 Purchase Price
A91: 3928445 | B91: 5933 | C91: 430 | D91: TYLER S. DAY | E91: SEWELL C. DAY | F91: 46125 | G91: 0 | H91: =IF(G91>0, ROUND((Q91+R91)/G91, 2), "") | I91: 6.69 | J91: R-06 | L91: 039 | M91: J | N91: 31 DAY ROAD | O91: 201: Residential - Rural | P91: =IFERROR(VLOOKUP(O91,'Property Type'!$A$2:$B$49,2,FALSE), "") -> 201 | Q91: 1 | R91: 1 | S91: TRUE | T91: Other | U91: =IFERROR(VLOOKUP(T91,'Sale Unusable Reasons'!$A$2:$B$11,2,FALSE),"") -> OTHER | V91: $0 Purchase Price
A92: 4055706 | B92: 5933 | C92: 909 | D92: STEPHEN SOUCY | E92: GLORIA J. OUELLETTE | F92: 46128 | G92: 75000 | H92: =IF(G92>0, ROUND((Q92+R92)/G92, 2), "") -> 0.5 | I92: 2 | J92: R02 | L92: 16-B | N92: COBB HILL ROAD, LOT 16-B | O92: 201: Residential - Rural | P92: =IFERROR(VLOOKUP(O92,'Property Type'!$A$2:$B$49,2,FALSE), "") -> 201 | Q92: 37500 | R92: 0 | S92: FALSE | U92: =IFERROR(VLOOKUP(T92,'Sale Unusable Reasons'!$A$2:$B$11,2,FALSE),"")
A93: 3890980 | B93: 5936 | C93: 204 | D93: EVERETTE A. HALL | E93: ESTATE OF ALICE E. BEAN, JUDITH A. HUNTER AS P.R. | F93: 46132 | G93: 0 | H93: =IF(G93>0, ROUND((Q93+R93)/G93, 2), "") | I93: 212 | J93: R3 | L93: 82 | N93: ONF BACK LOT OFF BEAN ROAD | O93: 101: Vacant Land - Rural | P93: =IFERROR(VLOOKUP(O93,'Property Type'!$A$2:$B$49,2,FALSE), "") -> 101 | Q93: 1 | R93: 1 | S93: TRUE | T93: Other | U93: =IFERROR(VLOOKUP(T93,'Sale Unusable Reasons'!$A$2:$B$11,2,FALSE),"") -> OTHER | V93: $0 Purchase Price
A94: 3848197 | B94: 5934 | C94: 756 | D94: STEPHEN HOPKINS | E94: CHAD PHILLIPS | F94: 46134 | G94: 140000 | H94: =IF(G94>0, ROUND((Q94+R94)/G94, 2), "") -> 0 | I94: 4 | J94: R05 | L94: 4 | M94: F | N94: 75 MOOSE POND ROAD | O94: 101: Vacant Land - Rural | P94: =IFERROR(VLOOKUP(O94,'Property Type'!$A$2:$B$49,2,FALSE), "") -> 101 | Q94: 1 | R94: 1 | S94: TRUE | T94: Other | U94: =IFERROR(VLOOKUP(T94,'Sale Unusable Reasons'!$A$2:$B$11,2,FALSE),"") -> OTHER | V94: Improved Since Sale
A95: 3803960 | B95: 5934 | C95: 893 | D95: CALLOWAY, NATHANAEL W. | E95: STEARNS & DAUGHTERS, LLC | F95: 46135 | G95: 462500 | H95: =IF(G95>0, ROUND((Q95+R95)/G95, 2), "") -> 0 | I95: 2.92 | J95: R09 | L95: 14-D | M95: 6 | N95: 31 POWHATAN ROAD | O95: 202: Residential - Urban | P95: =IFERROR(VLOOKUP(O95,'Property Type'!$A$2:$B$49,2,FALSE), "") -> 202 | Q95: 1 | R95: 1 | S95: TRUE | T95: Split | U95: =IFERROR(VLOOKUP(T95,'Sale Unusable Reasons'!$A$2:$B$11,2,FALSE),"") -> SPLIT | V95: Partial Land Sale
A96: 3755531 | B96: 5935 | C96: 556 | D96: LIBBY, NOAH | E96: BLAUVELT, JR., FRANK M. | F96: 46136 | G96: 50000 | H96: =IF(G96>0, ROUND((Q96+R96)/G96, 2), "") -> 0 | I96: 0 | J96: P/O U12 | L96: 008 | N96: 525 POWHATAN ROAD | O96: 201: Residential - Rural | P96: =IFERROR(VLOOKUP(O96,'Property Type'!$A$2:$B$49,2,FALSE), "") -> 201 | Q96: 1 | R96: 1 | S96: TRUE | T96: Family Transaction | U96: =IFERROR(VLOOKUP(T96,'Sale Unusable Reasons'!$A$2:$B$11,2,FALSE),"") -> FAMILY | V96: Interfamily Sale
A97: 3794699 | B97: 5935 | C97: 554 | D97: LIBBY, NOAH | E97: ESTATE OF FRANK M. BLAUVELT, SR. | F97: 46136 | G97: 50000 | H97: =IF(G97>0, ROUND((Q97+R97)/G97, 2), "") -> 0 | I97: 0 | J97: P/O U12 | L97: 008 | N97: 525 POWHATAN ROAD | O97: 201: Residential - Rural | P97: =IFERROR(VLOOKUP(O97,'Property Type'!$A$2:$B$49,2,FALSE), "") -> 201 | Q97: 1 | R97: 1 | S97: TRUE | T97: Family Transaction | U97: =IFERROR(VLOOKUP(T97,'Sale Unusable Reasons'!$A$2:$B$11,2,FALSE),"") -> FAMILY | V97: Interfamily Sale
A98: 3900616 | B98: 5936 | C98: 782 | D98: THE CRIMI FAMILY TRUST OF 2022 | E98: PETER CRIMI | F98: 46142 | G98: 0 | H98: =IF(G98>0, ROUND((Q98+R98)/G98, 2), "") | I98: 2 | J98: R01 | L98: 19 | M98: B | N98: 2 BIRCH ISLAND | O98: 201: Residential - Rural | P98: =IFERROR(VLOOKUP(O98,'Property Type'!$A$2:$B$49,2,FALSE), "") -> 201 | Q98: 1 | R98: 1 | S98: TRUE | T98: Other | U98: =IFERROR(VLOOKUP(T98,'Sale Unusable Reasons'!$A$2:$B$11,2,FALSE),"") -> OTHER | V98: $0 Purchase Price
A99: 3909638 | B99: 5936 | C99: 661 | D99: MATTHEW KENNETH SNYDER | E99: CARLA O'SULLIVAN | F99: 46142 | G99: 385000 | H99: =IF(G99>0, ROUND((Q99+R99)/G99, 2), "") -> 0.26 | I99: 2 | J99: R02 | L99: 23-A | N99: 422 SCRIBNER HILL ROAD | O99: 202: Residential - Urban | P99: =IFERROR(VLOOKUP(O99,'Property Type'!$A$2:$B$49,2,FALSE), "") -> 202 | Q99: 36000 | R99: 63408 | S99: FALSE | U99: =IFERROR(VLOOKUP(T99,'Sale Unusable Reasons'!$A$2:$B$11,2,FALSE),"")
A100: 3931310 | B100: 5936 | C100: 549 | D100: HUFF, RICHARD A. | E100: RONALD D. FITTS | F100: 46143 | G100: 75000 | H100: =IF(G100>0, ROUND((Q100+R100)/G100, 2), "") -> 0.38 | I100: 2.3 | J100: R-01 | L100: 014 | M100: S-002 | N100: WEST SIDE ROCKY ROAD | O100: 101: Vacant Land - Rural | P100: =IFERROR(VLOOKUP(O100,'Property Type'!$A$2:$B$49,2,FALSE), "") -> 101 | Q100: 28300 | R100: 0 | S100: FALSE | U100: =IFERROR(VLOOKUP(T100,'Sale Unusable Reasons'!$A$2:$B$11,2,FALSE),"")
...

Sheet Property Type
A1: Property Type and Code | B1: Code | C1: Property Type
A2: Select property type | C2: Select property type
A3: =Table1[[#This Row],[Code]]&": "&C3 -> 101: Vacant Land - Rural | B3: 101 | C3: Vacant Land - Rural
A4: =Table1[[#This Row],[Code]]&": "&C4 -> 102: Vacant Land - Urban | B4: 102 | C4: Vacant Land - Urban
A5: =Table1[[#This Row],[Code]]&": "&C5 -> 103: Vacant Land - Oceanfront | B5: 103 | C5: Vacant Land - Oceanfront
A6: =Table1[[#This Row],[Code]]&": "&C6 -> 104: Vacant Land - Lake/Pond Front | B6: 104 | C6: Vacant Land - Lake/Pond Front
A7: =Table1[[#This Row],[Code]]&": "&C7 -> 105: Vacant Land - Stream/Riverfront | B7: 105 | C7: Vacant Land - Stream/Riverfront
A8: =Table1[[#This Row],[Code]]&": "&C8 -> 106: Vacant Land - Agricultural | B8: 106 | C8: Vacant Land - Agricultural
A9: =Table1[[#This Row],[Code]]&": "&C9 -> 107: Vacant Land - Commercial Zone | B9: 107 | C9: Vacant Land - Commercial Zone
A10: =Table1[[#This Row],[Code]]&": "&C10 -> 120: Vacant Land - Other | B10: 120 | C10: Vacant Land - Other
A11: =Table1[[#This Row],[Code]]&": "&C11 -> 201: Residential - Rural | B11: 201 | C11: Residential - Rural
A12: =Table1[[#This Row],[Code]]&": "&C12 -> 202: Residential - Urban | B12: 202 | C12: Residential - Urban
A13: =Table1[[#This Row],[Code]]&": "&C13 -> 203: Residential - Oceanfront | B13: 203 | C13: Residential - Oceanfront
A14: =Table1[[#This Row],[Code]]&": "&C14 -> 204: Residential - Lake/Pond Front | B14: 204 | C14: Residential - Lake/Pond Front
... A49: =Table1[[#This Row],[Code]]&": "&C49 -> 520: Misc Codes - Other | B49: 520 | C49: Misc Codes - Other

Sheet Sale Unusable Reasons
A1: Unusable Reason | B1: Unusable Code | C1: Sale Unusable
A2: Family Transaction | B2: FAMILY | C2: TRUE
A3: Private Sale | B3: PRIVATE | C3: FALSE
A4: Bank Sale/Foreclosure | B4: BANK
A5: Estate | B5: ESTATE
A6: Divorce | B6: DIVORCE
A7: Multi-Town Sale | B7: MULTI-TOWN
A8: Bond for a deed | B8: BOND
A9: Split | B9: SPLIT
A10: Abutter | B10: ABUTTER
A11: Other | B11: OTHER
